 Dungeon Crawl Stone Soup version 0.29-a0-284-gf9362112df (webtiles) character file.

Game seed: 12566255782289956232

572 avis the Ruffian (level 7, -3/61 HPs)
             Began as a Hill Orc Monk on Mar 19, 2022.
             Was a Believer of Beogh.
             Slain by an ogre
             ... wielding a +0 giant spiked club
              (17 damage)
             ... on level 5 of the Dungeon.
             The game lasted 00:24:13 (7254 turns).

avis the Ruffian (Hill Orc Monk)                    Turns: 7254, Time: 00:24:13

Health: -3/61      AC:  9    Str: 16    XL:     7   Next: 34%
Magic:  9/9        EV:  7    Int: 10    God:    Beogh [**....]
Gold:   190        SH:  0    Dex: 13    Spells: 6/6 levels left

rFire   . . .      SeeInvis +   a - +0 battleaxe
rCold   . . .      Faith    .   (shield currently unavailable)
rNeg    . . .      Spirit   .   F - +0 chain mail
rPois   .          Reflect  .   u - +0 helmet
rElec   .          Harm     .   (no cloak)
rCorr   .          Rampage  .   (no gloves)
Will    +....                   (no boots)
Stlth   ..........              (no amulet)
HPRegen 0.20/turn               l - ring of willpower
MPRegen 0.11/turn               p - ring of see invisible

@: no status effects
A: no striking features
a: Renounce Religion, Smiting


You were on level 5 of the Dungeon.
You worshipped Beogh.
Beogh was pleased with you.
You visited 2 branches of the dungeon, and saw 6 of its levels.

You collected 223 gold pieces.
You spent 33 gold pieces at shops.

Inventory:

Hand Weapons
 a - a +0 battleaxe (weapon)
 b - a +0 hunting sling of flaming
 k - a +0 flail of holy wrath
 v - a +4 falchion of holy wrath
 w - a +2 mace of protection
 x - a +0 hand axe of freezing
 y - a +1 whip of venom
Missiles
 c - 5 poisoned darts (quivered)
Armour
 q - a +0 chain mail
 u - a +0 helmet (worn)
 F - a +0 chain mail (worn)
Jewellery
 l - a ring of willpower (left hand)
 p - a ring of see invisible (right hand)
Wands
 i - a wand of iceblast (20)
 C - a wand of flame (28)
 E - a wand of polymorph (8)
Scrolls
 e - 2 scrolls of enchant armour {unknown}
 f - a scroll of amnesia {unknown}
 g - a scroll of torment {unknown}
 j - a scroll of identify {unknown}
 m - 3 scrolls of teleportation
 n - 2 scrolls of fog {unknown}
 t - 2 scrolls of noise {unknown}
 B - a scroll of fear {unknown}
 G - a scroll of blinking {unknown}
Potions
 d - a potion of brilliance {unknown}
 h - 3 potions of curing {unknown}
 o - a potion of cancellation {unknown}
 r - a potion of degeneration {unknown}
 s - a potion of ambrosia
 z - a potion of heal wounds {unknown}
 D - a potion of flight {unknown}


   Skills:
 - Level 5.0 Fighting
 * Level 6.0 Axes
 - Level 2.4 Dodging
 - Level 1.5 Stealth
 - Level 6.0 Unarmed Combat
 - Level 3.0 Invocations


You had 6 spell levels left.
You didn't know any spells.
Your spell library contained the following spells:

 Spells                   Type           Power      Damage    Failure   Level
 Call Canine Familiar     Summ           0%         N/A       100%        3
 Portal Projectile        Hex/Tloc       0%         N/A       100%        3
 Leda's Liquefaction      Hex/Erth       0%         N/A       100%        4
 Blade Hands              Tmut           0%         N/A       100%        5
 Irradiate                Conj/Tmut      0%         3d13      100%        5
 Dragon Form              Tmut           0%         N/A       100%        7


Dungeon Overview and Level Annotations

Branches:
Dungeon (5/15)             Temple (1/1) D:4

Altars:
Elyvilon
Fedhas
Gozag
Okawaru
Trog
Yredelemnul

Shops:
D:1 (*


Message History

You slash the scorpion!
The scorpion is almost dead.
The scorpion stings you but does no damage. x2
You hit the scorpion.
You kill the scorpion!
Beogh accepts your kill. The ogre completely misses you.
Your Axes skill increases to level 6!
You slash the ogre!
The ogre is moderately wounded.
The ogre hits you with a +0 giant spiked club!
You hit the ogre.
The ogre is moderately wounded.
The ogre hits you with a +0 giant spiked club!
You slash the ogre!
The ogre is severely wounded.
You barely miss the ogre.
The ogre is severely wounded.
The ogre barely misses you.
You barely miss the ogre.
The ogre is severely wounded.
The ogre barely misses you.
You hit the ogre.
The ogre is almost dead.
The ogre hits you with a +0 giant spiked club!
You barely miss the ogre.
The ogre is almost dead.
The ogre barely misses you.
You hear a distant slurping noise.
You barely miss the ogre.
The ogre is almost dead.
The ogre hits you with a +0 giant spiked club.
You hit the ogre.
The ogre is almost dead.
The ogre hits you with a +0 giant spiked club!
* * * LOW HITPOINT WARNING * * *
You hit the ogre.
The ogre is almost dead.
The ogre hits you with a +0 giant spiked club!
You die...

...##...#.. ### #......#
#.. #.._...########.#
#......+......#.# #
#......######.#.####..#.#
#..≈...'.................
#..≈(..###.####.###.####.
#..≈...# #.####h###.....
#..≈...# #...@Ol....##+#
#.)....# #######...)....
####.)...<#
...............
.....)≈..##
..h.........!..
......≈..#
....l...?......
......≈..#
.(.............
......≈..#
...............
.........#
########.......
#####....# #######


You could see an ogre, an iguana and a hound.

Vanquished Creatures
  An ogre (D:4)
  A bullfrog (D:4)
  A scorpion (D:5)
  2 hounds (D:4)
  A jelly (D:4)
  Ijyb (D:4)
  2 orc wizards
  Robin (D:2)
  3 gnolls (D:5)
  5 adders
  A white imp (D:3)
  2 worms
  2 dart slugs
  9 orcs
  9 ball pythons
  7 endoplasms
  4 giant cockroaches
  17 goblins
  10 hobgoblins
  5 jackals
  2 quokkas
  2 bats
  5 frilled lizards
  4 kobolds
  3 rats
100 creatures vanquished.

Vanquished Creatures (others)
  A quokka (D:3)
  A goblin (D:3)
2 creatures vanquished.

Grand Total: 102 creatures vanquished

Notes
Turn   | Place    | Note
-------+----------+-------------------------------------------
     0 | D:1      | avis the Hill Orc Monk began the quest for the Orb.
     0 | D:1      | Reached XP level 1. HP: 19/19 MP: 1/1
   179 | D:1      | Found Xeyqerep's Weapon Boutique.
   250 | D:1      | Reached XP level 2. HP: 27/27 MP: 2/2
   560 | D:1      | Found Erujiop's Assorted Antiques.
   983 | D:1      | Reached skill level 5 in Fighting
   983 | D:1      | Reached XP level 3. HP: 17/36 MP: 3/3
  1246 | D:1      | Reached skill level 1 in Axes
  1885 | D:1      | Bought a +0 hand axe for 33 gold pieces
  2675 | D:2      | Reached XP level 4. HP: 26/42 MP: 4/4
  2934 | D:2      | Noticed Robin
  3075 | D:2      | Killed Robin
  3530 | D:3      | HP: 1/42 [orc priest/divine providence (16)]
  3531 | D:3      | Became a worshipper of Beogh the Brigand
  3531 | D:3      | Reached * piety under Beogh
  3531 | D:3      | Reached ** piety under Beogh
  3926 | D:3      | Found a blossoming altar of Fedhas.
  3927 | D:3      | Found a bloodstained altar of Trog.
  4053 | D:3      | Found an iron altar of Okawaru.
  4112 | D:3      | Found a faded altar of an unknown god.
  4485 | D:3      | Reached XP level 5. HP: 33/48 MP: 5/5
  5376 | D:4      | Noticed an ogre
  5647 | D:4      | Noticed Ijyb
  5686 | D:4      | Killed Ijyb
  5756 | D:4      | Reached skill level 5 in Unarmed Combat
  5756 | D:4      | Reached XP level 6. HP: 46/56 MP: 6/6
  6222 | D:4      | Found a staircase to the Ecumenical Temple.
  6236 | Temple   | Entered the Ecumenical Temple
  6783 | D:5      | Entered Level 5 of the Dungeon
  6789 | D:4      | Reached XP level 7. HP: 57/61 MP: 9/9
  6817 | D:5      | Reached skill level 5 in Axes
  7077 | D:5      | Found a white marble altar of Elyvilon.
  7254 | D:5      | Slain by an ogre

Illustrated notes

Levels and vault maps discovered:
D:1:      dpeg_arrival_arbitrary_a, layout_basic, serial_shops,
          nicolae_shop_advertising_works [nicolae_subvault_shop_adworks],
          nicolae_shop_bloodbath_and_beyond,
          wander_ebering_terrifying_dragon_lair
D:2:      minmay_evil_eye, layout_loops_cross, minmay_misc_feat_plants,
          kennysheep_decorative_pillar, minmay_hexomino_f4, uniq_robin
D:3:      layout_loops_ring, mainiacjoe_overflow_divided_tiny, okawaru_trees_1,
          ebering_ecumenical_altar_hall, serial_rivers,
          chequers_serial_rivers_micro_c, chequers_serial_rivers_room_a,
          chequers_serial_rivers_small_b, chequers_serial_rivers_micro_c,
          chequers_serial_rivers_micro_d
D:4:      layout_layer_cave, temple_green, kennysheep_generic_room_2, uniq_ijyb
D:5:      layout_basic, nzn_wu_jian_contemplation, mainiacjoe_overflow_boulevard
Temple:   nicolae_temple_great_sept

Skill      XL: |  1  2  3  4  5  6  7 |
---------------+----------------------+-----
Fighting       | 4 5 |  5.0
Axes           | 2 4 6 |  6.0
Unarmed Combat | 5 6 |  6.0
Invocations    | 3 |  3.0
Dodging        | |  2.4
Stealth        | |  1.5

Action                   |  1- 3 |  4- 6 |  7- 9 || total
-------------------------+-------+-------+-------++-------
Melee: Unarmed           |    36 |    10 |       ||    46
       Whip              |    90 |       |       ||    90
       Punch             |     4 |     8 |       ||    12
       Hand axe          |    54 |    94 |       ||   148
       Falchion          |       |    64 |       ||    64
       Battleaxe         |       |     5 |    36 ||    41
 Fire: Hunting sling     |       |    50 |       ||    50
Throw: Dart              |       |     3 |       ||     3
Invok: Convert to Beogh  |       |     1 |       ||     1
  Use: Scroll            |       |     1 |       ||     1
 Stab: Sleeping          |     3 |       |       ||     3
       Distracted        |     1 |       |       ||     1
Armor: Leather armour    |    19 |       |       ||    19
       Ring mail         |    12 |       |       ||    12
       Scale mail        |    18 |    70 |       ||    88
       Chain mail        |       |    33 |    23 ||    56
       Skin              |       |     3 |       ||     3
Dodge: Dodged            |    96 |   107 |    26 ||   229

Table legend: (Time is in decaauts)
 A = Elapsed time spent in this place.
 B = Non-inter-level travel time spent in this place.
 C = Inter-level travel time spent in this place.
 D = Time resting spent in this place.
 E = Time spent auto-exploring this place.
 F = Levels seen in this place.
 G = Mean time per level.
                   A        B        C        D        E       F      G
               +--------+--------+--------+--------+--------+-----+--------+
         Total |   7347 |   6808 |    539 |   2177 |   3274 |   6 | 1224.5 |
       Dungeon |   7336 |   6797 |    539 |   2177 |   3274 |   5 | 1467.2 |
        Temple |     10 |     10 |      0 |      0 |      0 |   1 |   10.0 |
               +--------+--------+--------+--------+--------+-----+--------+

Top non-repeatable levels by time:
     D:1: 2060 daAuts
     D:4: 1867 daAuts
     D:3: 1730 daAuts
     D:2: 1451 daAuts
     D:5: 226 daAuts
  Temple: 10 daAuts
